 Dungeon Crawl Stone Soup version 0.25-a0-246-g58704a1ebd (webtiles) character file.

Game seed: 3047987332146948308, levelgen mode: classic

564 Borgoz the Twirler (level 7, -7/43 HPs)
             Began as a Gargoyle Gladiator on Dec 4, 2019.
             Mangled by an ogre
             ... wielding a +0 giant club
              (23 damage)
             ... on level 4 of the Dungeon.
             The game lasted 00:05:40 (3775 turns).

Borgoz the Twirler (Gargoyle Gladiator)             Turns: 3775, Time: 00:05:41

Health: -7/43      AC: 12    Str: 25    XL:     7   Next: 32%
Magic:  7/7        EV: 12    Int:  8    God:
Gold:   198        SH:  0    Dex: 11    Spells: 6/6 levels left

rFire    . . .     SeeInvis .   a - +1 quarterstaff
rCold    . . .     Gourm    .   (shield currently unavailable)
rNeg     + . .     Faith    .   k - +0 ring mail
rPois    ∞         Spirit   .   c - +1 helmet
rElec    +         Reflect  .   (no cloak)
rCorr    .         Harm     .   (no gloves)
MR       .....                  (no boots)
Stlth    ..........             (no amulet)
HPRegen  0.14/turn              (no ring)
MPRegen  0.10/turn              (no ring)

@: confused, mighty
A: negative energy resistance 1, electricity resistance, unbreathing,
petrification resistance, rot immunity, AC +4
a: no special abilities


You were on level 4 of the Dungeon.
You were not hungry.

You visited 1 branch of the dungeon, and saw 4 of its levels.
You also visited: Sewer.

You collected 198 gold pieces.

Inventory:

Hand Weapons
 a - a +1 quarterstaff (weapon)
Missiles
 d - 3 throwing nets (quivered)
Armour
 c - a +1 helmet (worn)
 k - a +0 ring mail (worn)
Scrolls
 b - a scroll of blinking
 e - a scroll of enchant weapon
 h - 4 scrolls of remove curse
 i - 2 scrolls of teleportation
 n - 2 scrolls of fear
Potions
 j - 4 potions of curing
 m - 2 potions of brilliance {unknown}
 o - a potion of haste
 p - a potion of magic {unknown}
Comestibles
 f - 7 rations
 l - 3 chunks of flesh


   Skills:
 + Level 4.2 Fighting
 * Level 5.6 Staves
 - Level 1.7 Throwing
 + Level 3.4 Armour
 + Level 3.6 Dodging


You had 6 spell levels left.
You didn't know any spells.
Your spell library contained the following spells:

 Spells                   Type           Power        Failure   Level  Hunger
 Animate Skeleton         Necr           N/A          54%         1    ##.....
 Apportation              Tloc           #.....       54%         1    ##.....
 Confusing Touch          Hex            #.....       54%         1    ##.....
 Summon Small Mammal      Summ           #...         54%         1    ##.....


Dungeon Overview and Level Annotations

Branches:
Dungeon (4/15)              Sewer (visited)
 Temple: D:4-7

Altars:

Annotations:
D:4 Sigmund


Innate Abilities, Weirdness & Mutations

You are resistant to torment.
Your stone body is resilient. (AC +4)
You are immune to poison.
You resist negative energy. (rN+)
You are resistant to electric shocks. (rElec)
You can survive without breathing.
You are immune to petrification.
You are immune to rotting.


Message History

You miss something. You miss something.
You hear some strange, mumbled words.
Something tries to affect you, but you resist.
You hit something but do no damage.
You hear some strange, mumbled words.
Something tries to affect you, but you resist.
You closely miss something. Something hits you but does no damage.
You barely miss something.
You hear some strange, mumbled words.
You are confused.
You feel very mighty all of a sudden. The ogre closely misses you.
Something hits you. Something burns you.
You sock the ogre!
The ogre is moderately wounded.
The ogre closely misses you. Something hits you but does no damage.
You bump into the rock wall.
Something hits you but does no damage.
The ogre hits you with a +0 giant club!!
Ouch! That really hurt!
You die...

.........(..
..#..................
##....................
.#....................#
...........#........###
. .........##.......###
... ........#..........
#...##.{..)............
#.....@O...#..........#
.........†..##...<.....#
........###..#..........
........##..##........##
#...#######.###......###
#..# #...#....#...# #..
#.......##...# #.
#......#.####..##
###...#### #...#


You could see an ogre.

Vanquished Creatures
  An ogre (D:4)
  A scorpion (D:4)
  A centaur skeleton (D:4)
  An orc priest (D:4)
  An iguana (D:4)
  An orc wizard (D:3)
  2 worker ants
  4 gnolls (D:3)
  13 adders
  An ooze (D:3)
  4 worms
  3 dart slugs
  2 leopard geckos
  8 orcs
  2 giant cockroaches
  4 goblins
  6 hobgoblins
  11 jackals
  A quokka (D:4)
  10 ball pythons
  8 bats
  5 frilled lizards
  9 kobolds
  9 rats
108 creatures vanquished.

Notes
Turn   | Place    | Note
-------+----------+-------------------------------------------
     0 | D:1      | Borgoz the Gargoyle Gladiator began the quest for the Orb.
     0 | D:1      | Reached XP level 1. HP: 12/12 MP: 1/1
    30 | D:1      | Reached XP level 2. HP: 10/18 MP: 2/2
   426 | D:2      | Reached skill level 1 in Armour
   426 | D:2      | Reached XP level 3. HP: 22/22 MP: 3/3
   505 | D:2      | Reached XP level 4. HP: 25/27 MP: 4/4
  1966 | D:3      | Reached skill level 4 in Staves
  2003 | D:3      | Reached XP level 5. HP: 24/32 MP: 5/5
  2386 | D:3      | Reached XP level 6. HP: 20/37 MP: 6/6
  3080 | D:4      | Reached skill level 5 in Staves
  3147 | D:4      | Reached XP level 7. HP: 24/43 MP: 7/7
  3249 | D:4      | Found a glowing drain.
  3264 | Sewer    | Entered a sewer
  3749 | D:4      | Noticed Sigmund
  3775 | D:4      | Mangled by an ogre

Levels and vault maps discovered:
D:1:      tarquinn_simple_flora_water_e, layout_basic
D:2:      layout_basic, minmay_misc_feat_secret_circle, chequers_hall_statues_y,
          minivault_27
D:3:      layout_rooms
D:4:      layout_cave_pools, lightli_sewer_entry_pipes, first_ration,
          uniq_sigmund

Skill      XL: |  1  2  3  4  5  6 |
---------------+-------------------+-----
Armour         | 1 2 3 |  3.4
Staves         | 4 5 |  5.6
Fighting       | 3 4 |  4.2
Dodging        | 3 |  3.6
Throwing       | |  1.7

Action                   |  1- 3 |  4- 6 |  7- 9 || total
-------------------------+-------+-------+-------++-------
Melee: Quarterstaff      |    55 |   234 |    95 ||   384
Throw: Throwing net      |       |     1 |       ||     1
  Use: Scroll            |       |     8 |     1 ||     9
       Potion            |       |     3 |     2 ||     5
 Stab: Held in net/web   |       |     2 |       ||     2
  Eat: Chunk             |       |     7 |     3 ||    10
Armor: Leather armour    |    23 |     8 |       ||    31
       Ring mail         |       |    99 |    62 ||   161
Dodge: Dodged            |    38 |   160 |    74 ||   272

Table legend:
 A = Non-vault XP
 B = Vault XP
 C = Vault XP percentage of total XP
 D = Non-vault monster count
 E = Vault monster count
 F = Vault count percentage of total count
                 A         B        C        D         E       F
            +---------+---------+-------+---------+---------+-------
      Total |     728 |      79 |   9.8 |      88 |      20 |  18.5
            +---------+---------+-------+---------+---------+-------
        D:1 |      26 |       0 |   0.0 |      13 |       0 |   0.0
        D:2 |      88 |       0 |   0.0 |      19 |       0 |   0.0
        D:3 |     224 |       0 |   0.0 |      33 |       0 |   0.0
        D:4 |     390 |      40 |   9.3 |      23 |       8 |  25.8
      Sewer |       0 |      39 | 100.0 |       0 |      12 | 100.0
            +---------+---------+-------+---------+---------+-------
